 Dungeon Crawl Stone Soup version 0.20-a0-809-gaf7f668 (webtiles) character file.

1892 Gorglomux the Cleaver (level 8, -3/102 HPs)
             Began as a Deep Dwarf Berserker on Mar 3, 2017.
             Was an Elder of Trog.
             Killed from afar by an electric eel (7 damage)
             ... with a bolt of electricity
             ... on level 10 of the Dungeon.
             The game lasted 00:15:40 (5711 turns).

Gorglomux the Cleaver (Deep Dwarf Berserker)        Turns: 5711, Time: 00:15:41

Health: -3/102     AC:  8    Str: 29    XL:     8   Next: 93%
Magic:  7/7        EV: 17    Int:  7    God:    Trog [****..]
Gold:   227        SH: 12    Dex: 12    Spells: 7/7 levels left

rFire    . . .     SeeInvis .   K - +5 trident (vamp)
rCold    . . .     Gourm    .   j - +0 scale mail (curse)
rNeg     . . .     Faith    .   p - +0 shield
rPois    .         Spirit   .   (no helmet)
rElec    .         Reflect  .   w - +0 cloak
rCorr    .         Harm     .   Y - +0 pair of gloves
MR       +....                  (no boots)
Stlth    ..........             (no amulet)
Regen    0.0/turn               N - +3 ring of evasion
MPRegen  0.1/turn               P - +5 ring of evasion

@: berserking, non-regenerating, very quick
A: damage resistance, heal wounds, sense surroundings 1, no regeneration
a: Heal Wounds, Berserk, Trog's Hand, Brothers in Arms, Burn Spellbooks,
Renounce Religion


You were on level 10 of the Dungeon.
You worshipped Trog.
Trog was greatly pleased with you.
You were hungry.

You visited 1 branch of the dungeon, and saw 9 of its levels.

You collected 227 gold pieces.

Inventory:

Hand Weapons
 a - a +0 hand axe
 b - a +0 blowgun
 F - a +0 hunting sling
 K - a +5 vampiric trident (weapon)
Missiles
 J - 7 javelins of penetration (quivered) {god gift}
 O - 67 poisoned needles
 Z - 2 throwing nets
Armour
 g - a +0 leather armour
 j - a cursed +0 scale mail (worn)
 p - a +0 shield (worn)
 q - a +0 animal skin
 w - a +0 cloak (worn)
 Y - a +0 pair of gloves (worn)
Jewellery
 c - an uncursed ring of protection from cold
 H - a +5 amulet of reflection {unknown}
 N - a +3 ring of evasion (right hand)
 P - a +5 ring of evasion (left hand)
Scrolls
 e - 4 scrolls of remove curse
 h - a scroll of noise {unknown}
 r - 2 scrolls of amnesia
 t - a scroll of immolation
 u - 2 scrolls of random uselessness
 I - a scroll of enchant armour {unknown}
 M - 2 scrolls of magic mapping {unknown}
 R - 2 scrolls of identify
 T - 6 scrolls of teleportation
 U - 2 scrolls of blinking {unknown}
Potions
 i - a potion of resistance
 k - a potion of heal wounds
 m - a potion of agility
 s - 4 potions of brilliance
 L - a potion of ambrosia
 Q - 2 potions of berserk rage
 S - 3 potions of might
 W - a potion of haste {unknown}
 X - 2 potions of curing
Comestibles
 n - 7 royal jellies
 o - a meat ration
 G - 9 chunks of flesh
 V - 6 bread rations


   Skills:
 - Level 2.6 Fighting
 - Level 10.1(10.3) Axes
 + Level 2.0(5.7) Polearms
 - Level 2.1 Armour
 - Level 2.1 Dodging
 + Level 7.6 Shields


You had 7 spell levels left.
You didn't know any spells.

Dungeon Overview and Level Annotations

Branches:
Dungeon (10/15)            Temple (0/1) D:7
   Lair: D:8-11         Orc: D:9-12

Altars:
Dithmenos
Elyvilon
Fedhas
Gozag
Hepliaklqana
Qazlal
Ru
Sif Muna
Yredelemnul

Shops:
D:5 %   D:6 %   D:10 (

Annotations:
D:3 1 exclusion


Innate Abilities, Weirdness & Mutations

You are resistant to damage.
You can heal yourself by infusing magical energy.
You passively map a small area around you.
You do not regenerate.


Message History

* * * LOW HITPOINT WARNING * * *
You block the hippogriff's attack. The hippogriff barely misses you.
The hippogriff claws you.
* * * LOW HITPOINT WARNING * * *
A scorpion comes into view.
You closely miss the electric eel.
The electric eel is severely wounded.
The electric eel shoots out a bolt of lightning at you!
The bolt of electricity hits you!
* * * LOW HITPOINT WARNING * * *
The hippogriff closely misses you. The hippogriff misses you.
The hippogriff claws you.
* * * LOW HITPOINT WARNING * * *
A centaur comes into view.
You barely miss the electric eel.
The electric eel is severely wounded.
The centaur shouts!
The electric eel shoots out a bolt of lightning at you!
The bolt of electricity hits you!
You die...

#.############.##. #)# #.##.
#### #)# ######'##. , .....
#)# #.........
.....#####.#### #......... ,
..............## #.........
,
..............#.##.........
,
...c.sT..H....#.........÷..
........##@####............
,,
.....≈≈≈≈;;................
≈./..≈≈≈≈≈≈≈.≈..≈....÷.#+##.
..≈≈≈≈≈≈≈≈≈.............##.
≈.≈≈≈≈≈≈≈≈.≈≈≈≈.......####.
≈≈≈≈≈≈≈h≈≈≈≈≈≈≈≈.......####.
≈≈≈≈.≈.≈≈.≈≈≈≈....###.÷....
......≈≈≈≈≈.≈.# ####### ,
≈≈≈...* *


You could see a hippogriff, a troll, a centaur, a scorpion, a hound and 2
electric eels.

Vanquished Creatures
  A sky beast (D:6)
  2 orc warriors (D:6)
  An ice beast (D:5)
  A phantom (D:6)
  A centaur (D:5)
  An ogre (D:5)
  A wolf (D:10)
  A big kobold (D:4)
  A bullfrog (D:10)
  2 gnoll sergeants
  A scorpion (D:5)
  A crimson imp (D:5)
  2 bullfrog zombies (D:6)
  5 hounds
  Crazy Yiuf (D:2)
  4 orc priests
  A bullfrog skeleton (D:5)
  An orc wizard (D:5)
  4 worker ants
  A hound skeleton (D:5)
  9 gnolls
  11 adders
  3 oozes
  2 worms
  2 dart slugs (D:1)
  3 leopard geckos
  23 orcs
  4 ball pythons
  3 giant cockroaches
  7 goblins
  4 hobgoblins
  4 jackals (D:5)
  26 kobolds
  2 quokkas
  9 bats
  4 frilled lizards
  A giant cockroach zombie (D:6)
  A jackal skeleton (D:5)
  A quokka skeleton (D:5)
  4 rats
156 creatures vanquished.

Vanquished Creatures (others)
  An orc (D:10)
  A plant (D:4)
2 creatures vanquished.

Grand Total: 158 creatures vanquished

Notes
Turn   | Place    | Note
-------+----------+-------------------------------------------
     0 | D:1      | Gorglomux the Deep Dwarf Berserker began the quest for the Orb.
     0 | D:1      | Reached XP level 1. HP: 20/20 MP: 1/1
   260 | D:1      | Reached XP level 2. HP: 27/27 MP: 2/2
   278 | D:1      | Reached skill level 4 in Axes
   479 | D:1      | Reached XP level 3. HP: 16/33 MP: 3/3
  1215 | D:2      | Found a faded altar of an unknown god.
  1375 | D:2      | Reached skill level 5 in Axes
  1518 | D:2      | Found a runed door.
  1551 | D:2      | Reached ** piety under Trog
  1775 | D:2      | Noticed Crazy Yiuf
  1780 | D:2      | Killed Crazy Yiuf
  1780 | D:2      | Reached XP level 4. HP: 19/40 MP: 4/4
  2084 | D:3      | Found a blossoming altar of Fedhas.
  2832 | D:4      | Noticed a big kobold
  2838 | D:4      | Reached skill level 6 in Axes
  2845 | D:4      | Killed a big kobold
  2845 | D:4      | Reached XP level 5. HP: 46/46 MP: 5/5
  3003 | D:4      | Reached skill level 7 in Axes
  3226 | D:4      | Reached skill level 1 in Shields
  3261 | D:4      | Found a sacrificial altar of Ru.
  3317 | D:4      | Found a deep blue altar of Sif Muna.
  3359 | D:4      | Reached *** piety under Trog
  3359 | D:4      | Reached XP level 6. HP: 35/55 MP: 6/6
  3822 | D:5      | Entered Level 5 of the Dungeon
  3903 | D:5      | Reached skill level 3 in Shields
  3950 | D:5      | Received a gift from Trog
  3950 | D:5      | Reached XP level 7. HP: 46/61 MP: 7/7
  3951 | D:5      | Reached skill level 8 in Axes
  4093 | D:5      | Found Unebluhe's Food Boutique.
  4203 | D:5      | Found a sacrificial altar of Ru.
  4233 | D:5      | Found a shadowy altar of Dithmenos.
  4259 | D:5      | Found a hazy altar of Hepliaklqana.
  4367 | D:5      | Found a basalt altar of Yredelemnul.
  4368 | D:5      | Found a stormy altar of Qazlal.
  4598 | D:6      | Found a white marble altar of Elyvilon.
  4663 | D:6      | Reached skill level 9 in Axes
  4772 | D:6      | Reached XP level 8. HP: 68/68 MP: 7/7
  4781 | D:6      | Found an opulent altar of Gozag.
  4921 | D:6      | Reached skill level 6 in Shields
  5125 | D:6      | Found Wupsisush's Food Boutique.
  5191 | D:6      | Reached skill level 10 in Axes
  5507 | D:7      | Found a staircase to the Ecumenical Temple.
  5523 | D:7      | You fall through a shaft for 3 floors!
  5523 | D:10     | Entered Level 10 of the Dungeon
  5569 | D:10     | Reached skill level 1 in Polearms
  5594 | D:10     | Reached **** piety under Trog
  5605 | D:10     | Found Dinlafay's Weapon Boutique.
  5636 | D:9      | Noticed a hornet
  5636 | D:9      | Noticed a two-headed ogre
  5701 | D:10     | Noticed a hippogriff
  5708 | D:10     | Noticed a troll
  5710 | D:10     | HP: 4/102 [hippogriff (5)]
  5711 | D:10     | Killed from afar by an electric eel

Vault maps used:
D:1:      kennysheep_arrival_seaside
D:2:      chequers_ecumenical_altar_grove, minivault_24, uniq_crazy_yiuf_cottage
D:3:      overflow_temple_1_default, kennysheep_okawaru_gauntlet, first_bread
D:4:      kennysheep_kobold_camp, lemuel_doored_altar,
          nicolae_ru_sacrificial_ziggurat
D:5:      kennysheep_mini, lemuel_crystal_altar, nicolae_dithmenos_the_darkroom,
          gammafunk_temple_overflow_pools, serial_shops, shop,
          serial_bayou_crossing
D:6:      grunt_gozag_statues, basic_altar, serial_shops, nicolae_shop_stone
D:7:      minmay_temple_entry_trees, uniq_joseph
D:9:      nemelex_xobeh_ov_fountains_minmay, cheibriados_altar_1, orc_0_dummy
D:10:     erik_lair_island, serial_shops, shop

Skill      XL: |  1  2  3  4  5  6  7  8 |
---------------+-------------------------+-----
Axes           | 4 5 6 7 9 10 | 10.1
Shields        | 1 3 5 7 |  7.6
Polearms       | 2 |  2.0
Fighting       | |  2.6
Armour         | |  2.1
Dodging        | |  2.1

Action                   |  1- 3 |  4- 6 |  7- 9 || total
-------------------------+-------+-------+-------++-------
Melee: Hand axe          |   108 |   198 |   201 ||   507
       Trident           |       |       |    58 ||    58
 Fire: Blowgun           |       |    13 |     7 ||    20
Throw: Javelin           |       |       |     1 ||     1
Invok: Berserk           |     5 |     3 |     8 ||    16
       Trog's Hand       |     1 |     1 |     1 ||     3
       Burn Spellbooks   |       |       |     1 ||     1
 Abil: Heal Wounds       |       |     2 |     3 ||     5
  Use: Scroll            |       |     2 |    11 ||    13
  Eat: Chunk             |     6 |    11 |    14 ||    31
       Meat ration       |       |       |     1 ||     1
Armor: Animal skin       |     6 |       |       ||     6
       Leather armour    |    24 |       |       ||    24
       Scale mail        |       |    70 |    40 ||   110
Dodge: Dodged            |    79 |   139 |   113 ||   331
Block: Shield            |       |    45 |   118 ||   163
